[Event "Late-Titled-Tuesday-Blitz-April-23-2024"]
[Site "Chess.com"]
[Date "2024.04.23"]
[Round "10"]
[White "tarno17"]
[Black "Crazy_girl99"]
[Result "0-1"]
[WhiteElo "2166"]
[BlackElo "2605"]
[TimeControl "180+1"]
[EndTime "15:56:20 PDT"]
[Termination "Crazy_girl99 won on time"]

1. e4 e5 2. Nf3 Nc6 3. Bb5 a6 4. Ba4 Nf6 5. O-O Nxe4 6. Re1 Nc5 7. Nxe5 Nxe5 8. Rxe5+ Be7 9. c3 Nxa4 10. Qxa4 O-O 11.
d4 d5 12. Nd2 Bd6 13. Re1 Bg4 14. Nf1 Qf6 15. Bd2 h5 16. Qc2 h4 17. Ne3 Be6 18. h3 Rae8 19. Re2 Bf4 20. Rae1 Qg5 21. Ng4 Bxd2 22.
Qxd2 Qxd2 23. Rxd2 Bxg4 24. Rxe8 Rxe8 25. hxg4 Re1+ 26. Kh2 g5 27. a3 Kg7 28. Rc2 c6 29. c4 dxc4 30. Rxc4 Re2 31. b4 Rxf2 32. d5 cxd5 33.
Rd4 Rf4 34. Rxd5 Rxg4 35. Rd7 b5 36. Ra7 Re4 37. Rxa6 g4 0-1

[Event "Late-Titled-Tuesday-Blitz-April-23-2024"]
[Site "Chess.com"]
[Date "2024.04.23"]
[Round "10"]
[White "GoltsevDmitry2000"]
[Black "andrew-blr"]
[Result "1-0"]
[WhiteElo "2750"]
[BlackElo "2631"]
[TimeControl "180+1"]
[EndTime "15:56:27 PDT"]
[Termination "GoltsevDmitry2000 won by resignation"]

1. e4 c5 2. Nf3 e6 3. d4 cxd4 4.
Nxd4 Bc5 5. Nb3 Bb6 6. Nc3 Ne7 7. Bf4 O-O 8. Bd3 f5 9. exf5 Nxf5 10. O-O d5 11.
Qg4 e5 12. Bxe5 Nc6 13. Bxf5 Nxe5 14. Bxh7+ Kxh7 15. Qh5+ Kg8 16. Qxe5 Rf5 17. Qe2 Qf6 18. Rad1 Be6 19. Nb5 Rf8 20. N5d4 Re5 21. Qd3 Bf7 22.
Rde1 Bg6 23. Qd2 Bc7 24. Rxe5 Qxe5 25. f4 Rxf4 26. Rxf4 Qxf4 27. Qxf4 Bxf4 28. Kf2 Be5 29. c3 b6 30. Nc6 Bxh2 31. g3 Be4 32. Nd2 Bh1 33.
Nf1 d4 34. Nxd4 1-0

[Event "Late-Titled-Tuesday-Blitz-April-23-2024"]
[Site "Chess.com"]
[Date "2024.04.23"]
[Round "10"]
[White "MuhittinBuker"]
[Black "Navyblue1"]
[Result "1-0"]
[WhiteElo "2192"]
[BlackElo "2256"]
[TimeControl "180+1"]
[EndTime "15:56:28 PDT"]
[Termination "MuhittinBuker won by resignation"]

1. d4 Nf6 2. c4 g6 3. Nc3 Bg7 4. e4 d6 5. Nf3 O-O 6. Be2 Qe8 7. O-O e5 8. d5 a5 9. b3 Na6 10. a3 Nc5 11. Qc2 Nh5 12. Re1 f5 13. Be3 fxe4 14.
Nxe4 Nxe4 15. Qxe4 Nf4 16. Bxf4 exf4 17. Qxe8 Rxe8 18.
Rad1 Bf5 19. Bd3 Bxd3 20. Rxd3 Rxe1+ 21. Nxe1 Re8 22. Kf1 g5 23. h3 h6 24. Nf3 Re4 25.
Nd2 Rd4 26. Rxd4 Bxd4 27. Ne4 Kf7 28. Ke2 Bb2 29. a4 b6 30. Kd3 Kg6 31. Nd2 Kf5 32.
f3 h5 33. Nb1 g4 34. hxg4+ hxg4 35. Kc2 Bd4 36. Na3 gxf3 37. gxf3 Kg5 38. Kd3 Bc5 39. Nb5 Kh4 40. Ke4 Kg3 41. Nxc7 Bb4 42. Nb5 Bc5 43. Nc7 Bb4 44. Ne6 Bd2 45. Nd4 Be3 46. Nf5+ Kf2 47. Nxd6 Bc5 48. Nb5 1-0

[Event "Late-Titled-Tuesday-Blitz-April-23-2024"]
[Site "Chess.com"]
[Date "2024.04.23"]
[Round "10"]
[White "Sesleria"]
[Black "Mandaloriana19"]
[Result "0-1"]
[WhiteElo "2128"]
[BlackElo "2364"]
[TimeControl "180+1"]
[EndTime "15:56:28 PDT"]
[Termination "Mandaloriana19 won by resignation"]

1. c4 c5 2. Nf3 Nf6 3. d4 cxd4 4. Nxd4 g6 5. Nc3 Bg7 6. e4 d6 7. Be2 Nc6 8. Be3 Bd7 9. O-O Nxd4 10. Bxd4 Bc6 11.
f3 O-O 12. Qd2 a5 13. b3 Nd7 14. Be3 Nc5 15. Rfb1 Re8 16. a3 Ne6 17. b4 b6 18. Ra2 h5 19. Nd5 Rb8 20. Rc2 axb4 21. axb4 Ba4 22. Ra2 b5 23. cxb5 Bxb5 24. Ra7 Bxe2 25.
Qxe2 Nd4 26. Qc4 Nb5 27. Ra5 e6 28. Rxb5 exd5 29. Rxd5 Be5 30. f4 Bg7 31. e5 Bf8 32. Bc5 Rc8 33. exd6 Bxd6 34. Rbd1 Bxc5+ 35. bxc5 Qa5 36. c6 Qb6+ 37. Rc5 Rxc6 38. Rd4 0-1

[Event "Late-Titled-Tuesday-Blitz-April-23-2024"]
[Site "Chess.com"]
[Date "2024.04.23"]
[Round "10"]
[White "NM_Koval"]
[Black "DonJuanEGenaro"]
[Result "1-0"]
[WhiteElo "2174"]
[BlackElo "2030"]
[TimeControl "180+1"]
[EndTime "15:56:29 PDT"]
[Termination "NM_Koval won by resignation"]

1. d4 d5 2. c4 e6 3. Nc3 c5 4.
cxd5 cxd4 5. Qxd4 Nc6 6. Qd3 exd5 7. Nf3 Nf6 8. a3 a6 9. Bg5 Be7 10. e3 O-O 11. Rd1 Bg4 12. Be2 Bxf3 13. Bxf3 Ne5 14.
Qe2 Nxf3+ 15. Qxf3 Qa5 16. O-O Rfd8 17. Rd4 Rd7 18.
Rfd1 Rad8 19. Bxf6 Bxf6 20. Rxd5 Rxd5 21. Rxd5 Rxd5 22.
Qxd5 Qxd5 23. Nxd5 Bxb2 24. a4 Kf8 25. Kf1 Ke8 26. Ke2 Kd7 27. Kd3 Kc6 28. Nb4+ Kc5 29. Nc2 b5 30. axb5 a5 31. f4 a4 32. b6 Kxb6 33. Kc4 a3 34. Kb3 Bc1 35. Nxa3 Bxe3 36. Nc4+ Kc5 37. Nxe3 Kd4 38. Nf5+ Ke4 39. Nxg7 Kxf4 40.
Kc2 Ke3 41. g3 Kf3 42. Nh5 Kg4 43. Nf6+ Kh3 44. Kd3 Kxh2 45. g4 Kg3 46. Ke4 Kh4 47. Kf5 h6 48. Ne8 Kg3 49. Nd6 f6 50. Ne4+ Kh4 51.
Nxf6 1-0

[Event "Late-Titled-Tuesday-Blitz-April-23-2024"]
[Site "Chess.com"]
[Date "2024.04.23"]
[Round "10"]
[White "enriquetejedor"]
[Black "Naoki"]
[Result "1-0"]
[WhiteElo "2747"]
[BlackElo "2577"]
[TimeControl "180+1"]
[EndTime "15:56:30 PDT"]
[Termination "enriquetejedor won by resignation"]

1. c4 Nf6 2. Nc3 g6 3. e4 d6 4. d4 Bg7 5. h3 O-O 6. Nf3 e5 7. d5 Nh5 8. Bg5 Qe8 9. Qd2 Na6 10. g4 Nf4 11. O-O-O h6 12. Bxf4 exf4 13. Qxf4 Nc5 14. e5 dxe5 15. Qe3 b6 16. Bg2 e4 17. Nd4 f5 18. gxf5 gxf5 19. Rhg1 f4 20. Qd2 Nd3+ 21. Kb1 Kh8 22. Bxe4 Nc5 23. Bg6 Qe5 24. Nf3 Qf6 25. Ne4 Nxe4 26. Bxe4 Bxh3 27. Rg6 Qe7 28. Re1 Rae8 29. a3 Qf7 30. Bc2 Rxe1+ 31. Qxe1 Bf5 32.
Nh4 Bxc2+ 33. Kxc2 f3 34. Re6 Rg8 35. Ng6+ Kh7 36.
Qe4 Bf6 37. Ne5+ 1-0

[Event "Late-Titled-Tuesday-Blitz-April-23-2024"]
[Site "Chess.com"]
[Date "2024.04.23"]
[Round "10"]
[White "temiksmozg"]
[Black "Valiyev_Shahin"]
[Result "1-0"]
[WhiteElo "2715"]
[BlackElo "2562"]
[TimeControl "180+1"]
[EndTime "15:56:31 PDT"]
[Termination "temiksmozg won on time"]

1. e4 c5 2. Nf3 d6 3. d4 cxd4 4. Nxd4 Nf6 5. Nc3 a6 6. Be2 e5 7.
Nb3 Be7 8. Be3 Be6 9. Nd5 Nbd7 10. Qd3 Bxd5 11. exd5 Rc8 12. c4 a5 13. g4 h6 14. a4 b6 15. g5 hxg5 16. Bxg5 Nc5 17. Nxc5 bxc5 18. h4 Rb8 19. Qc2 Nxd5 20. cxd5 Bxg5 21.
Bb5+ Kf8 22. Ra3 Bf4 23. Qf5 g6 24. Qg4 Rh5 25. Rah3 Qc8 26. Qg2 Qf5 27. Qf3 Qb1+ 28. Ke2 Qxb2+ 29. Kf1 Kg7 30. Kg2 Rbh8 31. Qd3 Qd2 32.
Qxd2 1-0

[Event "Late-Titled-Tuesday-Blitz-April-23-2024"]
[Site "Chess.com"]
[Date "2024.04.23"]
[Round "10"]
[White "Hirna2005"]
[Black "rdarruda"]
[Result "0-1"]
[WhiteElo "2340"]
[BlackElo "2517"]
[TimeControl "180+1"]
[EndTime "15:56:36 PDT"]
[Termination "rdarruda won by resignation"]

1. e4 c5 2. c3 e6 3. d4 d5 4. e5 Nc6 5. Be3 cxd4 6. cxd4 Nge7 7. Nc3 Nf5 8. Nf3 Be7 9. Bd3 Nxe3 10. fxe3 O-O 11.
O-O f5 12. exf6 Bxf6 13. Rf2 Bd7 14. a3 Qe7 15. Qc2 g6 16. Raf1 Rac8 17. Qb1 Bg7 18. Ne2 e5 19. dxe5 Nxe5 20. Nxe5 Qxe5 21. e4 Rxf2 22.
Rxf2 Qxb2 23. Qxb2 Bxb2 24. exd5 Bxa3 25. Kf1 a5 26. Nf4 a4 27. Ne6 Bd6 28. Ke2 b5 29. Kd2 b4 30. Ba6 Rc3 31. h4 a3 32. h5 a2 33. hxg6 hxg6 34. Rf1 Ra3 35. Rf6 a1=Q 36.
Rxg6+ Kf7 37. Rg7+ Qxg7 0-1

[Event "Late-Titled-Tuesday-Blitz-April-23-2024"]
[Site "Chess.com"]
[Date "2024.04.23"]
[Round "10"]
[White "MyDream003"]
[Black "Bryanl106"]
[Result "1/2-1/2"]
[WhiteElo "2825"]
[BlackElo "2703"]
[TimeControl "180+1"]
[EndTime "15:56:38 PDT"]
[Termination "Game drawn by repetition"]

1. Nf3 Nf6 2. c4 g6 3. g3 Bg7 4. Bg2 O-O 5. O-O d6 6. Nc3 Nc6 7. d4 Bg4 8. h3 Bxf3 9. Bxf3 Nd7 10.
e3 e5 11. d5 Ne7 12. e4 Kh8 13. Bg2 Ng8 14. Rb1 a5 15. a3 Bh6 16. Bxh6 Nxh6 17. b4 axb4 18. axb4 f5 19. exf5 Nxf5 20. Ne4 Nf6 21. Ng5 Nd4 22. Ne6 Nxe6 23. dxe6 Qc8 24. e7 Rf7 25. c5 Qe6 26. Bxb7 Rb8 27. Bg2 Qxe7 28. cxd6 cxd6 29. b5 d5 30. Bxd5 Rd8 31.
Bxf7 Rxd1 32. Rfxd1 Qxf7 33. b6 Ne4 34. Rb2 Nc5 35. Rc2 Na6 36. Rd8+ Kg7 37. Ra8 Qb3 38. Rc7+ Nxc7 39. bxc7 Qd1+ 40. Kh2 Qc2 41. c8=Q Qxf2+ 42. Kh1 Qf1+ 43. Kh2 Qf2+ 44. Kh1 Qf1+ 45. Kh2 Qf2+ 1/2-1/2

[Event "Late-Titled-Tuesday-Blitz-April-23-2024"]
[Site "Chess.com"]
[Date "2024.04.23"]
[Round "10"]
[White "juancruzarias"]
[Black "Byniolus"]
[Result "1-0"]
[WhiteElo "2670"]
[BlackElo "2806"]
[TimeControl "180+1"]
[EndTime "15:56:42 PDT"]
[Termination "juancruzarias won by resignation"]

1. d4 d6 2. c4 e5 3. e3 Nd7 4. Ne2 Ngf6 5. Nbc3 Be7 6. g3 c6 7.
Bg2 O-O 8. O-O Re8 9. Qc2 a6 10. Rd1 Qc7 11. b3 Bf8 12. Bb2 h6 13. Rac1 exd4 14.
Nxd4 Ne5 15. Nf5 g6 16. Nd4 h5 17. h3 Bh6 18. Ra1 Bg7 19. Na4 h4 20. g4 Nfxg4 21.
hxg4 Bxg4 22. c5 Bxd1 23. Rxd1 Rad8 24. cxd6 Rxd6 25. Ba3 Rdd8 26. Nf3 h3 27. Nxe5 hxg2 28. Nf3 Qa5 29. Bc5 Qb5 30. Kxg2 b6 31. Bxb6 Rxd1 32. Qxd1 Qh5 33. Qd7 Rf8 34. Qh3 Qd5 35. Bc5 Re8 36. Bd4 Re6 37. Nc3 Qd7 38. Ng5 Rd6 39. Qh7+ 1-0

[Event "Late-Titled-Tuesday-Blitz-April-23-2024"]
[Site "Chess.com"]
[Date "2024.04.23"]
[Round "10"]
[White "finec2"]
[Black "ChessGiantYouTube"]
[Result "1-0"]
[WhiteElo "2242"]
[BlackElo "2340"]
[TimeControl "180+1"]
[EndTime "15:56:42 PDT"]
[Termination "finec2 won on time"]

1. e4 g6 2. d4 Bg7 3. Nc3 d6 4. f4 e6 5. Nf3 Ne7 6. Be2 b6 7. O-O O-O 8. Be3 c5 9. Qd2 Nbc6 10. Rad1 cxd4 11. Nxd4 Bb7 12. Bf3 d5 13. exd5 exd5 14.
Nxc6 Bxc6 15. Bd4 Bxd4+ 16. Qxd4 Rc8 17. g4 Qc7 18. Bg2 Bb7 19. Rfe1 Rfe8 20. Nb5 Qb8 21. Qf6 Nc6 22. Nd6 Rxe1+ 23. Rxe1 Rf8 24. Bxd5 Qc7 25. Nxf7 1-0

[Event "Late-Titled-Tuesday-Blitz-April-23-2024"]
[Site "Chess.com"]
[Date "2024.04.23"]
[Round "10"]
[White "Alexei_Gubajdullin"]
[Black "CarlosjPineror"]
[Result "0-1"]
[WhiteElo "2592"]
[BlackElo "2763"]
[TimeControl "180+1"]
[EndTime "15:56:43 PDT"]
[Termination "CarlosjPineror won by resignation"]

1. Nf3 Nf6 2. g3 g6 3. Bg2 Bg7 4. O-O O-O 5. d3 c5 6. Nbd2 Nc6 7. e4 d6 8. Re1 Bg4 9. h3 Bxf3 10. Nxf3 Nd7 11.
c3 Rb8 12. d4 cxd4 13. cxd4 b5 14. d5 Na5 15. Rb1 b4 16. b3 Nb7 17. Nd4 Qb6 18. Nc6 Rbe8 19. Be3 Nbc5 20. Qd2 Bc3 21. Qe2 Bxe1 22. Rxe1 e5 23. Bh6 Nb8 24. Qf3 f6 25. Ne7+ Rxe7 26. Bxf8 Kxf8 27. Qxf6+ Rf7 28. Qh8+ Ke7 29. Re3 Nbd7 30. h4 Qb8 31. Qxb8 Nxb8 32. Bh3 h5 33. f3 a6 34. Kf2 a5 35. Ke2 Nba6 36. Bc8 Nc7 37. Bh3 Nb5 38. Kd2 Nc3 39. f4 exf4 40. gxf4 N3xe4+ 41. Kc2 Rxf4 42. Bc8 Kf6 43. Kc1 Rf2 44. Bh3 Nc3 45. Rg3 Ne2+ 46.
Kd1 Nxg3 47. Ke1 Rxa2 0-1

[Event "Late-Titled-Tuesday-Blitz-April-23-2024"]
[Site "Chess.com"]
[Date "2024.04.23"]
[Round "10"]
[White "reevecanada"]
[Black "zverr1"]
[Result "1-0"]
[WhiteElo "2619"]
[BlackElo "2466"]
[TimeControl "180+1"]
[EndTime "15:56:43 PDT"]
[Termination "reevecanada won by checkmate"]

1. e4 c5 2. Nf3 Nc6 3. Bb5 Nf6 4. e5 Nd5 5. Nc3 e6 6. Nxd5 exd5 7. O-O a6 8. Bxc6 dxc6 9. h3 c4 10. b3 cxb3 11. axb3 Be7 12. Bb2 O-O 13. c4 Be6 14.
Nd4 Qd7 15. Qc2 Rac8 16. c5 Rce8 17. f4 f5 18. b4 Bd8 19. Bc3 Qf7 20. Rf2 Qh5 21.
Raf1 Kh8 22. Rf3 Bh4 23. g3 Bd8 24. Kg2 Qf7 25. Rh1 Qg6 26. Kf2 Bc8 27. g4 Bh4+ 28.
Kf1 Kg8 29. g5 h6 30. gxh6 Qxh6 31. Rg1 g5 32. fxg5 Qg6 33. Rf4 Bxg5 34. h4 Bxf4 35. Rxg6+ Kf7 36. Rf6+ Ke7 37. Nxf5+ Kd8 38. Nd6 Bh3+ 39.
Kf2 Bxe5 40. Bxe5 Rxf6+ 41. Bxf6+ Kd7 42. Qh7+ Ke6 43. Nxe8 Bf5 44. Qe7# 1-0

[Event "Late-Titled-Tuesday-Blitz-April-23-2024"]
[Site "Chess.com"]
[Date "2024.04.23"]
[Round "10"]
[White "prochn"]
[Black "Horokoskii"]
[Result "1-0"]
[WhiteElo "2467"]
[BlackElo "2198"]
[TimeControl "180+1"]
[EndTime "15:56:43 PDT"]
[Termination "prochn won by resignation"]

1. d4 Nf6 2. c4 c5 3. d5 e6 4. g3 exd5 5. cxd5 g6 6. Bg2 d6 7. Nc3 Bg7 8. Nf3 O-O 9. O-O Re8 10. Bf4 a6 11. a4 Nh5 12. Bg5 f6 13. Bd2 Bh8 14. e4 Nd7 15. Re1 Qe7 16. Rb1 Ne5 17.
Nxe5 fxe5 18. b4 b6 19. bxc5 bxc5 20. a5 Rf8 21. Rb6 Nf6 22. Bg5 Bg7 23. Qd2 Qc7 24. Reb1 Ng4 25. f3 Nf6 26. Na4 Nd7 27. Rc6 Qa7 28.
Rxd6 c4+ 29. Be3 Qc7 30. Rc6 Qd8 31. Rxc4 Nf6 32. Nb6 Rb8 33. Rbc1 Bd7 34. Nxd7 Qxd7 35. Rc7 Qb5 36. Bh6 Bxh6 37. Qxh6 Rf7 38. Rxf7 Kxf7 39.
Rc7+ Ke8 40. Qg7 Qb1+ 41. Bf1 1-0

[Event "Late-Titled-Tuesday-Blitz-April-23-2024"]
[Site "Chess.com"]
[Date "2024.04.23"]
[Round "10"]
[White "Szachulec75"]
[Black "tylityli"]
[Result "0-1"]
[WhiteElo "2093"]
[BlackElo "2331"]
[TimeControl "180+1"]
[EndTime "15:56:45 PDT"]
[Termination "tylityli won by resignation"]

1. Nf3 Nf6 2. g3 b5 3. Bg2 Bb7 4. d3 e6 5. O-O Be7 6. e4 d6 7. b3 O-O 8. Bb2 a5 9. a4 b4 10. Nbd2 Nbd7 11. h3 Nb6 12. Nh2 e5 13. f4 Nfd7 14.
Kh1 Bf6 15. f5 d5 16. Ng4 c5 17. Nxf6+ Qxf6 18. Qe2 Rfe8 19. Rf2 Rac8 20. Raf1 c4 21. dxc4 dxc4 22. Bc1 cxb3 23. cxb3 Rc3 24. Nf3 h6 25. g4 Nc5 26. g5 hxg5 27. Bxg5 Qc6 28. Nd2 Ba6 29.
Qh5 f6 30. Bh6 Qc7 31. Rg1 Qf7 32. Qxf7+ Kxf7 33. Bxg7 Kxg7 34. Bf1+ Kf7 35. Bxa6 Nxa6 36. Rfg2 Rxh3+ 37. Rh2 Reh8 38. Rxh3 Rxh3+ 39. Kg2 Rd3 0-1

[Event "Late-Titled-Tuesday-Blitz-April-23-2024"]
[Site "Chess.com"]
[Date "2024.04.23"]
[Round "10"]
[White "albi1999"]
[Black "Durarbayli"]
[Result "0-1"]
[WhiteElo "2656"]
[BlackElo "2900"]
[TimeControl "180+1"]
[EndTime "15:56:47 PDT"]
[Termination "Durarbayli won by resignation"]

1. d4 Nf6 2. c4 e6 3. g3 c5 4. Nf3 cxd4 5. Nxd4 d5 6. Bg2 e5 7.
Nf3 d4 8. O-O Nc6 9. e3 Be7 10.
exd4 exd4 11. Bf4 O-O 12. Ne5 Qb6 13. Re1 Be6 14. Nd2 Rfd8 15. a3 Nxe5 16. Rxe5 a6 17. b4 Qa7 18. Re1 Rac8 19. c5 b6 20. c6 Nd5 21.
Bxd5 Rxd5 22. Rc1 a5 23. Rxe6 fxe6 24. Qg4 Kf7 25. b5 Rxb5 26. Re1 Rxc6 27. Qf3 Qd7 28. Nc4 Rxc4 0-1

[Event "Late-Titled-Tuesday-Blitz-April-23-2024"]
[Site "Chess.com"]
[Date "2024.04.23"]
[Round "10"]
[White "DeArron_Fox"]
[Black "Pig-filth"]
[Result "0-1"]
[WhiteElo "2452"]
[BlackElo "2273"]
[TimeControl "180+1"]
[EndTime "15:56:48 PDT"]
[Termination "Pig-filth won on time"]

1. d4 Nc6 2. Nf3 d5 3. c4 e6 4. Nc3 Nf6 5. Bg5 Be7 6. e3 O-O 7. Bd3 Nb4 8. Be2 dxc4 9. Bxc4 b6 10. e4 h6 11. Bf4 Bb7 12. a3 Nc6 13. O-O Na5 14. Bd3 c5 15. dxc5 bxc5 16. Qe2 g5 17. Bg3 Nh5 18. Be5 Nc6 19. Rad1 Nxe5 20. Nxe5 Nf4 21. Qf3 Qc7 22. Nc4 Ba6 23. e5 Nxd3 24.
Qxd3 Rad8 25. Qe4 Rd4 26. Rxd4 cxd4 27. Nd6 Bxf1 0-1

[Event "Late-Titled-Tuesday-Blitz-April-23-2024"]
[Site "Chess.com"]
[Date "2024.04.23"]
[Round "10"]
[White "titomagno_64"]
[Black "Nemsko"]
[Result "0-1"]
[WhiteElo "2312"]
[BlackElo "2453"]
[TimeControl "180+1"]
[EndTime "15:56:53 PDT"]
[Termination "Nemsko won on time"]

1. d4 Nf6 2. c4 e6 3. Nf3 b6 4. g3 Ba6 5. b3 Bb4+ 6. Nbd2 Be7 7. Bg2 d5 8. Ne5 c6 9. O-O O-O 10. Bb2 Nfd7 11. Nd3 Bf6 12. e4 dxe4 13. Nxe4 Be7 14.
Re1 Bb7 15. c5 Nf6 16. b4 Qc7 17. Rc1 Nbd7 18. b5 bxc5 19. dxc5 Nxe4 20. Bxe4 Bf6 21. Ba3 Rfd8 22. Qf3 Rac8 23. Nb4 Ne5 24. Qg2 Qa5 25. bxc6 Ba8 26. Re3 Nc4 27. Rxc4 Rd1+ 28. Qf1 Rxf1+ 29. Kxf1 g6 30. h4 h5 31. Rc1 Bd4 32. Rb3 Bxc5 33. Nc2 Bxa3 34. Rxa3 Qd2 0-1

[Event "Late-Titled-Tuesday-Blitz-April-23-2024"]
[Site "Chess.com"]
[Date "2024.04.23"]
[Round "10"]
[White "th3d4rkness"]
[Black "jcmesafischer"]
[Result "1-0"]
[WhiteElo "2150"]
[BlackElo "2351"]
[TimeControl "180+1"]
[EndTime "15:56:54 PDT"]
[Termination "th3d4rkness won on time"]

1. e4 c5 2. Nf3 d6 3. d4 cxd4 4. Nxd4 Nf6 5. Nc3 a6 6. Bg5 e6 7.
Qe2 Nbd7 8. O-O-O Be7 9. f4 Qc7 10. Kb1 O-O 11. g4 b5 12. Bxf6 Bxf6 13. g5 Be7 14. a3 Rb8 15. h4 b4 16. axb4 Rxb4 17. Nb3 Nc5 18. Nxc5 Qxc5 19. Rh3 Bb7 20. Bg2 Rb8 21.
b3 a5 22. Na2 Rb6 23. Nc1 g6 24. h5 a4 25. hxg6 fxg6 26. Rdh1 h5 27. gxh6 Bf6 28. h7+ Kh8 29. e5 Bxg2 30. Qxg2 dxe5 31. Qxg6 1-0

[Event "Late-Titled-Tuesday-Blitz-April-23-2024"]
[Site "Chess.com"]
[Date "2024.04.23"]
[Round "10"]
[White "Zura_19"]
[Black "chessdjw"]
[Result "1-0"]
[WhiteElo "2628"]
[BlackElo "2777"]
[TimeControl "180+1"]
[EndTime "15:57:00 PDT"]
[Termination "Zura_19 won by checkmate"]

1. e4 c5 2. Nf3 d6 3. d4 cxd4 4. Nxd4 Nf6 5. Nc3 a6 6. Bc4 e6 7.
Bb3 Nbd7 8. O-O Nc5 9. f4 Ncxe4 10. Nxe4 Nxe4 11. f5 d5 12. fxe6 Bxe6 13. Nxe6 fxe6 14. Qh5+ Kd7 15. Be3 Bc5 16. Bxc5 Nxc5 17. Bxd5 Qb6 18. Bf3 Rad8 19. Kh1 Kc8 20. b4 Nd7 21. Rab1 Kb8 22.
c4 Nf6 23. Qe5+ Qd6 24. Qa5 Qc7 25. Qa3 Qxc4 26. b5 axb5 27. Rfc1 Rd3 28. Qe7 Rc3 29. Qxb7# 1-0

[Event "Late-Titled-Tuesday-Blitz-April-23-2024"]
[Site "Chess.com"]
[Date "2024.04.23"]
[Round "10"]
[White "nindjaxx8"]
[Black "elmusmolamas"]
[Result "0-1"]
[WhiteElo "2639"]
[BlackElo "2532"]
[TimeControl "180+1"]
[EndTime "15:57:01 PDT"]
[Termination "elmusmolamas won on time"]

1. d4 g6 2. c4 Bg7 3. Nc3 c5 4. e3 cxd4 5. exd4 Nf6 6. Nf3 d5 7.
Be3 O-O 8. Be2 Nc6 9. O-O dxc4 10. Bxc4 b6 11. Qe2 Bb7 12. Rad1 Na5 13. Bd3 Nd5 14. h3 Rc8 15. Nxd5 Bxd5 16. b3 Nc6 17. Ba6 Ra8 18.
Bf4 Nb4 19. Bb5 a6 20. Bc4 b5 21. Bxd5 Nxd5 22. Be5 Nc3 23. Qe1 Nxd1 24. Bxg7 Kxg7 25. Qxd1 Qd5 26. Qe2 e6 27. Rc1 Rac8 28. Re1 Rfd8 29.
Qd2 Qf5 30. Re5 Rc2 31. Qe3 Qf6 32. h4 Rd5 33. h5 gxh5 34. Rxd5 exd5 35. Ne5 h6 36. Qg3+ Qg5 37. Qf3 Rc1+ 38. Kh2 Qh4+ 39. Qh3 Qxh3+ 40. Kxh3 Rc2 0-1

[Event "Late-Titled-Tuesday-Blitz-April-23-2024"]
[Site "Chess.com"]
[Date "2024.04.23"]
[Round "10"]
[White "jaramsdal"]
[Black "shirovin"]
[Result "1-0"]
[WhiteElo "2230"]
[BlackElo "2078"]
[TimeControl "180+1"]
[EndTime "15:57:01 PDT"]
[Termination "jaramsdal won on time"]

1. e4 Nf6 2. e5 Nd5 3. d4 d6 4. Nf3 dxe5 5. Nxe5 c6 6. Bd3 Nb4 7. Bc4 e6 8. O-O Be7 9. c3 Nd5 10. Bd3 O-O 11. Qh5 Nf6 12. Qh3 g6 13. Bh6 Re8 14. Nd2 Nbd7 15. Ndf3 Nxe5 16. Nxe5 Nd5 17. Rae1 Bf6 18.
Qf3 Bxe5 19. Rxe5 Qf6 20. Qg4 Bd7 21. h4 Qh8 22. h5 Ne7 23. g3 f6 24. hxg6 hxg6 25.
Bxg6 Qxh6 26. Bxe8+ Kf8 27. Rh5 1-0

[Event "Late-Titled-Tuesday-Blitz-April-23-2024"]
[Site "Chess.com"]
[Date "2024.04.23"]
[Round "10"]
[White "Supelyel"]
[Black "VladimirBugayev"]
[Result "1-0"]
[WhiteElo "2395"]
[BlackElo "2236"]
[TimeControl "180+1"]
[EndTime "15:57:02 PDT"]
[Termination "Supelyel won on time"]

1. c4 c5 2. g3 g6 3. Bg2 Bg7 4. Nf3 Nc6 5. O-O d6 6. Nc3 e5 7. d3 Nge7 8. Bg5 f6 9. Bd2 O-O 10. a3 a5 11. Nd5 Nxd5 12. cxd5 Ne7 13. Ne1 b5 14. b4 cxb4 15. axb4 a4 16. Nc2 Bb7 17. e4 Bc8 18. Na3 Bd7 19. Rc1 f5 20.
Qe2 f4 21. Rc2 Rc8 22. Rfc1 Rxc2 23. Rxc2 Qb6 24. Be1 h5 25. Qd1 fxg3 26. hxg3 Rc8 27. Bd2 Bg4 28. Qc1 Bd7 29. Be3 Rxc2 30. Qxc2 Qb7 31.
Bg5 Nc8 32. Kh2 Kh7 33. Bh3 Bh6 34. Bf6 Bxh3 35. Kxh3 Qd7+ 36. Kg2 Bg7 37. Bg5 Bh6 38. Bxh6 Kxh6 39. Qc6 Qxc6 40. dxc6 1-0

[Event "Late-Titled-Tuesday-Blitz-April-23-2024"]
[Site "Chess.com"]
[Date "2024.04.23"]
[Round "10"]
[White "only_strong_moves"]
[Black "dropstoneDP"]
[Result "0-1"]
[WhiteElo "2724"]
[BlackElo "3000"]
[TimeControl "180+1"]
[EndTime "15:57:04 PDT"]
[Termination "dropstoneDP won by resignation"]

1. Nc3 Nf6 2. e4 e5 3. Bc4 Nxe4 4. Qh5 Nd6 5. Qxe5+ Qe7 6. Qxe7+ Bxe7 7. Bb3 Nf5 8. Nf3 c6 9. d4 d5 10. O-O O-O 11. Bf4 Nd7 12. Rad1 Bd6 13. Ne5 Re8 14. Rfe1 Nxe5 15. Bxe5 Bb4 16. a3 Bxc3 17. bxc3 b5 18. f3 f6 19. Bf4 Bd7 20. g4 g5 21. Bc7 Ng7 22. a4 a6 23. a5 Rxe1+ 24. Rxe1 Re8 25.
Re4 Ne6 26. Rxe6 Bxe6 27. Kf2 Bf7 28. h3 Kg7 29. Bd6 h5 30. Bc7 Rh8 31. Kg2 Be6 32. Bd6 Bd7 33. Bc7 Kg6 34. Ba2 hxg4 35. hxg4 f5 36.
Be5 Rf8 37. gxf5+ Bxf5 38. Bb1 g4 39. f4 Rf7 40. Kg3 Rh7 41. Kg2 Rh3 0-1

[Event "Late-Titled-Tuesday-Blitz-April-23-2024"]
[Site "Chess.com"]
[Date "2024.04.23"]
[Round "10"]
[White "CaspiIsrael"]
[Black "stollenmonster"]
[Result "0-1"]
[WhiteElo "2703"]
[BlackElo "2911"]
[TimeControl "180+1"]
[EndTime "15:57:07 PDT"]
[Termination "stollenmonster won by checkmate"]

1. e4 c5 2. Nf3 Nf6 3. Nc3 d5 4. e5 Ne4 5. Ne2 c4 6. d3 cxd3 7. cxd3 Nc5 8. d4 Ne4 9. Ng3 Nc6 10. Bd3 Nxg3 11. hxg3 Bg4 12. Be3 e6 13. Rc1 Bb4+ 14. Kf1 h5 15. a3 Be7 16. Qb3 Rb8 17. Nh2 Bf5 18. Bxf5 exf5 19. Nf3 Qd7 20. Ke2 g6 21. Rc2 O-O 22. Rhc1 Na5 23. Qd3 Rbc8 24. Bg5 Bxg5 25. Nxg5 Rc4 26. b3 Rc6 27. Nh3 Rfc8 28. Nf4 a6 29.
Ke3 Kg7 30. f3 Re8 31. Kf2 Qd8 32. Rc5 h4 33. Nxd5 hxg3+ 34. Kxg3 Qg5+ 35. Kf2 Rxc5 36. Rxc5 Nxb3 37. Rc7 Nc1 38. Qe3 Qh4+ 39. Kg1 Ne2+ 40.
Qxe2 Qxd4+ 41. Qe3 Qxd5 42. f4 Qd1+ 43. Kf2 Rd8 44. Rc3 Rd2+ 45. Kg3 Qg4+ 46. Kh2 Qxg2# 0-1

[Event "Late-Titled-Tuesday-Blitz-April-23-2024"]
[Site "Chess.com"]
[Date "2024.04.23"]
[Round "10"]
[White "PNEPaul"]
[Black "HipsterChess22"]
[Result "1-0"]
[WhiteElo "1944"]
[BlackElo "2204"]
[TimeControl "180+1"]
[EndTime "15:57:07 PDT"]
[Termination "PNEPaul won on time"]

1. e4 c6 2. d4 d5 3. Nc3 dxe4 4. f3 Nf6 5. fxe4 Bg4 6. Be2 Bxe2 7. Ngxe2 e5 8. d5 Bb4 9. O-O Bc5+ 10. Kh1 Nbd7 11. Bg5 h6 12. Bh4 g5 13. Bf2 Qe7 14. Ng3 Bxf2 15.
Rxf2 O-O-O 16. Nf5 Qc5 17. Rf1 Nb6 18. Qe2 cxd5 19.
exd5 Nfxd5 20. Qxe5 Qb4 21. Rad1 Nxc3 22. bxc3 Qc4 23. Nd6+ Rxd6 24. Qxd6 Re8 25. Qd4 Qc7 26. h3 Nc4 27. Qg4+ Kb8 28. Rd7 Qc8 29. Rfd1 Ne3 30. Qg3+ Ka8 31. Rc7 Qb8 32. Rdd7 1-0

[Event "Late-Titled-Tuesday-Blitz-April-23-2024"]
[Site "Chess.com"]
[Date "2024.04.23"]
[Round "10"]
[White "merinasian"]
[Black "Oleg_Papayan"]
[Result "0-1"]
[WhiteElo "2516"]
[BlackElo "2649"]
[TimeControl "180+1"]
[EndTime "15:57:08 PDT"]
[Termination "Oleg_Papayan won by checkmate"]

1. d4 d5 2. Nf3 Nf6 3. e3 Bf5 4. c4 e6 5. Qb3 Nc6 6. cxd5 exd5 7.
Bb5 Bd6 8. Ne5 O-O 9. Nxc6 bxc6 10. Bxc6 Rb8 11. Qd1 Ne4 12. Nc3 Qg5 13. g3 Bg6 14. Nxd5 Bh5 15. Qd3 Bf3 16. O-O Qf5 17. Nf4 g5 18.
Ng2 g4 19. Ne1 Rbe8 20. Bd2 Re6 21. Rc1 Rh6 22. Nxf3 gxf3 23. Qxe4 Qh3 24. Qh4 Qg2# 0-1